 Dungeon Crawl Stone Soup version 0.29.1-4-g47bece8355 (webtiles) character file.

Game seed: 5987317976163158489

4 javelincjr the Conjurer (level 1, 0/10 HPs)
             Began as a Deep Elf Conjurer on Dec 6, 2022.
             Succumbed to an adder's poison
             ... on level 3 of the Dungeon.
             The game lasted 00:01:16 (160 turns).

javelincjr the Conjurer (Deep Elf Conjurer)          Turns: 160, Time: 00:01:17

Health: 0/10       AC:  2    Str:  4    XL:     1   Next: 58%
Magic:  6/6        EV: 12    Int: 22    God:
Gold:   27         SH:  0    Dex: 13    Spells: 5/6 levels left

rFire   . . .      SeeInvis .   d - +0 dagger
rCold   . . .      Faith    .   (no shield)
rNeg    . . .      Spirit   .   a - +0 robe
rPois   .          Reflect  .   (no helmet)
rElec   .          Harm     .   (no cloak)
rCorr   .          Rampage  .   (no gloves)
Will    .....                   (no boots)
Stlth   ++........              (no amulet)
HPRegen 0.03/turn               (no ring)
MPRegen 0.10/turn               (no ring)

@: lethally poisoned (0 -> -6)
A: no striking features
a: no special abilities


You were on level 3 of the Dungeon.
You visited 1 branch of the dungeon, and saw 3 of its levels.

You collected 27 gold pieces.

Inventory:

Hand Weapons
 d - a +0 dagger (weapon)
Missiles
 f - 3 poisoned darts
Armour
 a - a +0 robe (worn)
Scrolls
 c - a scroll of enchant armour {unknown}
 e - a scroll of blinking {unknown}
 j - a scroll of teleportation {unknown}
 l - a scroll of torment {unknown}
 m - a scroll of identify {unknown}
 o - a scroll of poison {unknown}
Potions
 b - a potion of magic
 g - a potion of flight {unknown}
 h - a potion of ambrosia {unknown}
 i - a potion of resistance {unknown}
 k - a potion of heal wounds {unknown}
 n - a potion of lignification {unknown}


   Skills:
 + Level 2.4 Dodging
 + Level 2.4 Stealth
 + Level 3.1 Spellcasting
 + Level 4.6 Conjurations


You had 5 spell levels left.
You knew the following spells:

 Your Spells              Type           Power      Damage    Failure   Level
a - Magic Dart            Conj           92%        1d7       1%          1

Your spell library contained the following spells:

 Spells                   Type           Power      Damage    Failure   Level
 Searing Ray              Conj           46%        2d6       2%          2
 Dazzling Flash           Conj/Hex       26%        N/A       14%         3
 Fulminant Prism          Conj/Hex       6%         3d7       43%         4
 Iskenderun's Mystic Bla  Conj/Tloc      13%        2d5       43%         4


Dungeon Overview and Level Annotations

Branches:
Dungeon (3/15)

Altars:


Message History

You see here a silvery potion.
k - a silvery potion The goblin shouts!
Casting: Magic Dart (safe; 1% risk of failure)
Confirm with . or Enter, or press ? or * to list all spells.
Aiming: Magic Dart (safe; 1% risk of failure)
Press: ? - help, Shift-Dir - straight line, f - goblin
Aim: a goblin, wielding a +0 dagger (100% to hit)
The magic dart hits the goblin.
You kill the goblin!
l - a scroll labelled ITISUDE JAUNI
There is a stone staircase leading up here.
There is a stone staircase leading down here.
You climb downwards.
Found four items.
There is a stone staircase leading up here.
Found a viscous inky potion.
m - a scroll labelled SIBYVVO UKHE
n - a viscous inky potion An adder comes into view.
The adder hisses angrily.
A goblin comes into view. It is wielding a +0 club.
An endoplasm comes into view.
The goblin shouts!
A jelly comes into view.
You see here a scroll labelled XAZXUU SONOSHRU.
o - a scroll labelled XAZXUU SONOSHRU The goblin hits you with a +0 club.
The adder bites you but does no damage. The goblin hits you with a +0 club.
* * * LOW HITPOINT WARNING * * *
The adder closely misses you. The goblin attacks as you move away!
The goblin hits you but does no damage. The adder attacks as you move away!
The adder barely misses you. The adder attacks as you move away!
The adder barely misses you. The adder bites you.
* * * LOW HITPOINT WARNING * * *
You are lethally poisoned!
The adder poisons you! The adder bites you but does no damage.
There is a stone staircase leading up here.
You die...

#### ..#
###############.#
................#
######.......#..#
..#.......#..#
~~~P....@..+..#
♣P~~PP...gS.#.#######
♣♣♣~~P.).J..#...J..J.
♣PPPP......####....
♣♣~PP......# ..
♣~P...)....#
♣~~........#
~PP........#
P...........


You could see a jelly, an adder and a goblin.

Vanquished Creatures
  A goblin (D:2)
  A kobold (D:1)
  2 frilled lizards (D:1)
  A rat (D:2)
5 creatures vanquished.

Vanquished Creatures (others)
  3 plants (D:3)
3 creatures vanquished.

Grand Total: 8 creatures vanquished

Notes
Turn   | Place    | Note
-------+----------+-------------------------------------------
     0 | D:1      | javelincjr the Deep Elf Conjurer began the quest for the
                  | Orb.
     0 | D:1      | Reached XP level 1. HP: 10/10 MP: 6/6
   153 | D:3      | Noticed a jelly
   160 | D:3      | Succumbed to an adder's poison

Illustrated notes

Levels and vault maps discovered:
D:1:      lightli_arrival_farm, layout_basic, dreamdust_princess_bridge,
          minmay_tetromino_s2
D:2:      layout_rooms
D:3:      layout_basic, nzn_wu_jian_contemplation, serial_bayou,
          serial_bayou_pond_d, serial_bayou_pond_c, serial_bayou_pond_b,
          serial_bayou_shore_b, serial_bayou_shore_b,
          hellmonk_ecumenical_altar_run_dry, hellmonk_ghost_happy_afterlife

Action                   || total
-------------------------++-------
Melee: Dagger            ||     2
 Cast: Magic Dart        ||     6
Armor: Robe              ||     3
Dodge: Dodged            ||     6
